 Dungeon Crawl Stone Soup version 0.29.0-4-gdea44cf6ec (webtiles) character file.

Game seed: 440754222947974209

2099 qw the Cleaver (level 9, -9/54 HPs)
             Began as a Tengu Warper on Aug 28, 2022.
             Was a Follower of Okawaru.
             Mangled by an ogre
             ... wielding a +0 giant club
              (29 damage)
             ... on level 7 of the Dungeon.
             The game lasted 00:00:54 (9213 turns).

qw the Cleaver (Tengu Warper)                       Turns: 9213, Time: 00:00:55

Health: -9/54      AC: 14    Str: 15    XL:     9   Next: 28%
Magic:  11/13      EV:  8    Int: 14    God:    Okawaru [*.....]
Gold:   405        SH:  0    Dex: 14    Spells: 12/12 levels left

rFire   . . .      SeeInvis +   j - +0 war axe
rCold   . . .      Faith    .   (no shield)
rNeg    . . .      Spirit   .   n - +0 plate armour
rPois   +          Reflect  .   (helmet restricted)
rElec   .          Harm     .   (no cloak)
rCorr   .          Rampage  .   (no gloves)
Will    .....                   (boots unavailable)
Stlth   ..........              (no amulet)
HPRegen 0.18/turn               l - ring of poison resistance
MPRegen 0.13/turn               d - ring of see invisible

@: heroic, flying quickly and evasively, quick
A: beak, talons 3, nimble flight
a: Renounce Religion, Heroism


You were on level 7 of the Dungeon.
You worshipped Okawaru.
Okawaru was aware of your devotion.
You visited 2 branches of the dungeon, and saw 8 of its levels.
You also visited: Ossuary.

You collected 405 gold pieces.


Innate Abilities, Weirdness & Mutations

You have a beak for a mouth.
You have claws for feet.
Your magical nature lets you fly swiftly and evasively.


   Skills:
 - Level 5.1(10.1) Fighting
 + Level 10.9(15.9) Axes
 - Level 1.0(6.0) Throwing
 - Level 5.4(10.4) Armour
 - Level 2.1(7.1) Dodging
 - Level 2.0 Spellcasting
 - Level 2.4 Translocations
 + Level 0.0 Invocations


You had 12 spell levels left.
You didn't know any spells.
Your spell library contained the following spells:

 Spells                   Type           Power      Damage    Failure   Level
 Blink                    Tloc           16%        N/A       99%         2
 Gell's Gravitas          Tloc           8%         N/A       100%        3
 Lesser Beckoning         Tloc           8%         N/A       100%        3
 Teleport Other           Tloc           8%         N/A       100%        3
 Manifold Assault         Tloc           8%         N/A       100%        5

Inventory:

Hand Weapons
 j - a +0 war axe (weapon)
 m - a +0 morningstar
Missiles
 i - 2 boomerangs (quivered)
Armour
 n - a +0 plate armour (worn)
Jewellery
 a - a +6 ring of dexterity
 d - a ring of see invisible (right hand)
 k - a ring of ice
 l - a ring of poison resistance (left hand)
 Y - a ring of protection from cold
Scrolls
 e - a scroll of silence {unknown}
 g - 3 scrolls of identify
Potions
 b - 5 potions of curing
 c - a potion of mutation
 h - 2 potions of might

Dungeon Overview and Level Annotations

Branches:
Dungeon (7/15)             Temple (1/1) D:5         Ossuary (visited)

Altars:
Ashenzari
Cheibriados
Dithmenos
Elyvilon
Hepliaklqana
Kikubaaqudgha
Makhleb
Nemelex Xobeh
Okawaru
Qazlal
Ru
Sif Muna
Trog
Uskayaw
Vehumet
Wu Jian
Xom
Yredelemnul
Zin


Message History

The centaur kicks you but does no damage.
The centaur hits you but does no damage.
The centaur kicks you but does no damage.
You hit the centaur but do no damage.
The centaur is almost dead.
The centaur hits you. The centaur completely misses you.
You slash the centaur!
You kill the centaur!
Okawaru accepts your kill.
You hit the black bear. The black bear bites you.
The black bear claws you but does no damage.
The black bear barely misses you.
You barely miss the black bear.
The black bear is lightly wounded.
The black bear bites you but does no damage.
The black bear claws you but does no damage.
The black bear claws you.
You hit the black bear.
You claw the black bear, but do no damage.
You peck the black bear.
The black bear is heavily wounded.
You hit the ogre but do no damage. The ogre hits you with a +0 giant club.
The black bear bites you. The black bear barely misses you.
The black bear claws you.
You slash the black bear! Your peck misses the black bear.
The black bear is almost dead.
You hit the ogre.
The black bear goes berserk!
You hit the black bear.
You kill the black bear!
Okawaru accepts your kill.
You can now gain great but temporary skills.
You slash the ogre! The ogre hits you but does no damage.
9213 ||| INVOKING Heroism.
You gain the combat prowess of a mighty hero.
The ogre hits you with a +0 giant club!!
Ouch! That really hurt!
You die...

#......#.. #......#..
#......#.. ## #...[..#.#
##.. #......#.# #..#
#......#.# ####.#
..#...%..#.#######....##
......O@.........%..#...
....#####$.......%.##.##
. ..............##..##
#####.##............
#..###...........
#.................
#................)
..$......###......
^............# #......


You could see an ogre.

Vanquished Creatures
  2 water moccasins
  2 sky beasts (D:7)
  An orc warrior (D:6)
  2 black bears
  2 ogres
  A centaur (D:7)
  A phantom (D:5)
  2 kobold brigands
  2 necrophages (D:7)
  2 elf zombies (Ossuary)
  2 scorpions (D:5)
  A bullfrog zombie (D:6)
  A hound (D:4)
  5 orc priests
  A jelly (D:7)
  3 iguanas
  3 mummies (Ossuary)
  Robin (D:3)
  A howler monkey zombie (D:6)
  9 adders
  4 gnolls
  2 shadow imps (D:5)
  An ufetubus (D:7)
  3 adder zombies (Ossuary)
  A dart slug (D:3)
  8 orcs
  2 ball pythons
  9 endoplasms
  4 giant cockroaches
  9 goblins
  7 hobgoblins
  11 kobolds
  2 quokkas
  2 bats (D:1)
  8 frilled lizards
  A gnoll zombie (Ossuary)
  2 goblin zombies (Ossuary)
  3 hobgoblin zombies (Ossuary)
  A jackal zombie (D:5)
  2 kobold zombies (Ossuary)
  2 orc zombies
  2 quokka zombies (Ossuary)
  11 rats
  2 rat zombies (Ossuary)
143 creatures vanquished.

Vanquished Creatures (others)
  7 plants (D:4)
7 creatures vanquished.

Grand Total: 150 creatures vanquished

Notes
Turn   | Place    | Note
-------+----------+-------------------------------------------
     0 | D:1      | qw the Tengu Warper began the quest for the Orb.
     0 | D:1      | Reached XP level 1. HP: 12/12 MP: 4/4
     0 | D:1      | 0 ||| qw: Version: 0.1-a-89-g26bdef1
     0 | D:1      | 0 ||| qw: Game counter: 693
     0 | D:1      | 0 ||| qw: Always use a shield: true
     0 | D:1      | 0 ||| qw: God list: Okawaru
     0 | D:1      | 0 ||| qw: Allow faded altars: false
     0 | D:1      | 0 ||| qw: Do Orc after D:15 true
     0 | D:1      | 0 ||| qw: Do second Lair branch before Depths: true
     0 | D:1      | 0 ||| qw: Lair rune preference: random
     0 | D:1      | 0 ||| qw: Plans: Normal
     0 | D:1      | 0 ||| PLANNING D:1-11
   293 | D:1      | Reached XP level 2. HP: 13/17 MP: 6/6
   368 | D:1      | Reached skill level 3 in Axes
   577 | D:1      | HP: 3/17 [gnoll/+0 spear (5)]
   644 | D:1      | 644 ||| Stepping ~*~*~tactically~*~*~ (stealth).
   647 | D:1      | 647 ||| Stepping ~*~*~tactically~*~*~ (stealth).
   659 | D:1      | Reached XP level 3. HP: 9/21 MP: 7/7
  1423 | D:1      | 1423 ||| UPGRADING to ring of see invisible.
  1424 | D:1      | 1424 ||| READING scroll labelled RUOGIM DIFOK JYAME.
  1425 | D:1      | 1425 ||| READING scroll labelled YXKUME JUGU.
  1430 | D:1      | 1430 ||| READING 2 scrolls labelled LORCHU AL TE TOO.
  1431 | D:1      | 1431 ||| DROPPING scroll of blinking.
  1554 | D:2      | 1554 ||| Stepping ~*~*~tactically~*~*~ (stealth).
  1572 | D:2      | HP: 5/21 [poisoned by an adder]
  1573 | D:2      | Reached skill level 4 in Axes
  1575 | D:2      | HP: 2/21 [poisoned by an adder]
  2084 | D:2      | 2084 ||| SWAPPING to +0 war axe.
  2088 | D:2      | 2088 ||| DROPPING +0 hand axe.
  2203 | D:2      | 2203 ||| Stepping ~*~*~tactically~*~*~ (stealth).
  2208 | D:2      | Reached XP level 4. HP: 25/26 MP: 8/8
  2273 | D:2      | 2273 ||| UPGRADING to +0 chain mail.
  2283 | D:2      | 2283 ||| DROPPING +0 leather armour.
  2284 | D:2      | 2284 ||| UPGRADING to +0 plate armour.
  2294 | D:2      | 2294 ||| DROPPING +0 chain mail.
  2295 | D:2      | 2295 ||| DROPPING ring of wizardry.
  2296 | D:2      | 2296 ||| UPGRADING to ring of protection from cold.
  2297 | D:2      | 2297 ||| READING scroll labelled NAUFYT GOARY.
  2298 | D:2      | 2298 ||| READING 2 scrolls of teleportation.
  2326 | D:1      | 2326 ||| READING scroll of teleportation.
  2586 | D:2      | 2586 ||| Stepping randomly (stuck).
  2672 | D:1      | 2672 ||| Stepping randomly (stuck).
  2747 | D:3      | 2747 ||| Stepping ~*~*~tactically~*~*~ (stealth).
  3232 | D:3      | Noticed Robin
  3238 | D:3      | Killed Robin
  3243 | D:3      | 3243 ||| Stepping ~*~*~tactically~*~*~ (hiding).
  3744 | D:3      | 3744 ||| READING 2 scrolls labelled YSCHODGHASIY.
  3745 | D:3      | 3745 ||| DRINKING 2 dark potions.
  3746 | D:3      | 3746 ||| READING 4 scrolls of identify.
  3746 | D:3      | 3746 ||| IDENTIFYING fuming ruby potion
  3747 | D:3      | 3747 ||| READING 3 scrolls of identify.
  3747 | D:3      | 3747 ||| IDENTIFYING white potion
  3748 | D:3      | 3748 ||| READING 2 scrolls of identify.
  3748 | D:3      | 3748 ||| IDENTIFYING orange potion
  3749 | D:3      | 3749 ||| DROPPING scroll of summoning.
  3750 | D:3      | 3750 ||| DROPPING potion of attraction.
  3751 | D:3      | 3751 ||| DROPPING potion of lignification.
  3810 | D:4      | 3810 ||| PLANNING SEWER
  3847 | D:4      | Reached skill level 5 in Axes
  3847 | D:4      | Gained mutation: Your magical nature lets you fly swiftly
                  | and evasively. [Tengu growth]
  3847 | D:4      | Reached XP level 5. HP: 19/30 MP: 9/9
  3945 | D:4      | 3945 ||| Stepping ~*~*~tactically~*~*~ (stealth).
  4042 | D:4      | Found a glowing drain.
  4047 | D:4      | 4047 ||| READING scroll of teleportation.
  4293 | D:4      | 4293 ||| DRINKING 2 pink potions.
  4294 | D:4      | 4294 ||| DROPPING potion of brilliance.
  4310 | D:4      | Noticed an ogre
  4315 | D:4      | Killed an ogre
  4316 | D:4      | Reached skill level 6 in Axes
  4328 | D:4      | 4328 ||| Stepping ~*~*~tactically~*~*~ (stealth).
  4336 | D:4      | Reached XP level 6. HP: 35/35 MP: 10/10
  4371 | D:4      | 4371 ||| Stepping randomly (stuck).
  4379 | D:4      | 4379 ||| Stepping ~*~*~tactically~*~*~ (stealth).
  4381 | D:4      | 4381 ||| Stepping ~*~*~tactically~*~*~ (hiding).
  4526 | D:4      | 4526 ||| Stepping randomly (stuck).
  4527 | D:4      | 4527 ||| Stepping randomly (stuck).
  4528 | D:4      | 4528 ||| Stepping randomly (stuck).
  4529 | D:4      | 4529 ||| Stepping randomly (stuck).
  4530 | D:4      | 4530 ||| Stepping randomly (stuck).
  4531 | D:4      | 4531 ||| Stepping randomly (stuck).
  4532 | D:4      | 4532 ||| Stepping randomly (stuck).
  4533 | D:4      | 4533 ||| Stepping randomly (stuck).
  4534 | D:4      | 4534 ||| Stepping randomly (stuck).
  4535 | D:4      | 4535 ||| Stepping randomly (stuck).
  4606 | D:4      | 4606 ||| RIP SEWER
  4612 | D:4      | 4612 ||| PLANNING D:1-11
  4612 | D:4      | 4612 ||| Stepping ~*~*~tactically~*~*~ (stealth).
  4614 | D:4      | 4614 ||| Stepping ~*~*~tactically~*~*~ (hiding).
  4624 | D:4      | Reached skill level 7 in Axes
  4625 | D:4      | HP: 7/35 [gnoll/+0 spear (6)]
  4629 | D:4      | HP: 2/35 [gnoll/+0 spear (6)]
  4930 | D:4      | 4930 ||| DROPPING +0 club.
  4933 | D:4      | 4933 ||| DROPPING +0 whip.
  5021 | D:4      | 5021 ||| Stepping ~*~*~tactically~*~*~ (stealth).
  5034 | D:4      | Reached skill level 3 in Armour
  5035 | D:4      | 5035 ||| FLEEEEING.
  5036 | D:4      | 5036 ||| FLEEEEING.
  5037 | D:4      | 5037 ||| FLEEEEING.
  5038 | D:4      | 5038 ||| FLEEEEING.
  5039 | D:4      | 5039 ||| FLEEEEING.
  5040 | D:4      | 5040 ||| FLEEEEING.
  5043 | D:4      | 5043 ||| FLEEEEING.
  5044 | D:4      | 5044 ||| FLEEEEING.
  5045 | D:4      | 5045 ||| FLEEEEING.
  5049 | D:4      | 5049 ||| FLEEEEING.
  5050 | D:4      | 5050 ||| FLEEEEING.
  5051 | D:4      | 5051 ||| FLEEEEING.
  5056 | D:4      | 5056 ||| FLEEEEING.
  5057 | D:4      | 5057 ||| FLEEEEING.
  5063 | D:4      | 5063 ||| FLEEEEING.
  5064 | D:4      | 5064 ||| FLEEEEING.
  5065 | D:4      | 5065 ||| FLEEEEING.
  5066 | D:4      | 5066 ||| FLEEEEING.
  5067 | D:4      | 5067 ||| FLEEEEING.
  5068 | D:4      | 5068 ||| FLEEEEING.
  5079 | D:4      | 5079 ||| FLEEEEING.
  5080 | D:4      | 5080 ||| FLEEEEING.
  5091 | D:4      | 5091 ||| FLEEEEING.
  5102 | D:4      | 5102 ||| FLEEEEING.
  5117 | D:4      | 5117 ||| FLEEEEING.
  5118 | D:4      | 5118 ||| FLEEEEING.
  5119 | D:4      | 5119 ||| FLEEEEING.
  5120 | D:4      | 5120 ||| FLEEEEING.
  5121 | D:4      | 5121 ||| FLEEEEING.
  5122 | D:4      | 5122 ||| FLEEEEING.
  5123 | D:4      | 5123 ||| FLEEEEING.
  5124 | D:4      | 5124 ||| FLEEEEING.
  5126 | D:4      | 5126 ||| FLEEEEING.
  5127 | D:4      | 5127 ||| FLEEEEING.
  5128 | D:4      | 5128 ||| FLEEEEING.
  5129 | D:4      | 5129 ||| FLEEEEING.
  5130 | D:4      | 5130 ||| FLEEEEING.
  5137 | D:4      | 5137 ||| FLEEEEING.
  5138 | D:4      | 5138 ||| FLEEEEING.
  5139 | D:4      | 5139 ||| FLEEEEING.
  5141 | D:4      | 5141 ||| FLEEEEING.
  5142 | D:4      | 5142 ||| STAIRDANCE
  5239 | D:4      | 5239 ||| Stepping ~*~*~tactically~*~*~ (stealth).
  5628 | D:4      | 5628 ||| READING 2 scrolls of identify.
  5628 | D:4      | 5628 ||| IDENTIFYING brown potion
  5667 | D:5      | Entered Level 5 of the Dungeon
  5668 | D:5      | 5668 ||| PLANNING OSSUARY
  5758 | D:5      | Reached XP level 7. HP: 18/40 MP: 11/11
  5985 | D:5      | Reached skill level 3 in Fighting
  6109 | D:5      | Found a sand-covered staircase.
  6110 | D:5      | 6110 ||| READING scroll labelled EMOJUQ VOTEOX.
  6280 | Ossuary  | Entered an ossuary
  6506 | Ossuary  | Reached skill level 8 in Axes
  6612 | Ossuary  | 6612 ||| READING scroll labelled OGHIBY SE SIO.
  6613 | Ossuary  | 6613 ||| READING scroll labelled KOQ YL XIOWU.
  6614 | Ossuary  | 6614 ||| READING scroll labelled ZEROMAE JOKKUI.
  6615 | Ossuary  | 6615 ||| READING scroll labelled WOLEISAONA.
  6616 | Ossuary  | 6616 ||| READING 4 scrolls of identify.
  6616 | Ossuary  | 6616 ||| IDENTIFYING purple potion
  6620 | D:5      | 6620 ||| PLANNING D:1-11
  6629 | D:5      | 6629 ||| Stepping ~*~*~tactically~*~*~ (stealth).
  6639 | D:5      | Reached XP level 8. HP: 46/47 MP: 12/12
  6652 | D:5      | Reached skill level 9 in Axes
  6731 | D:5      | Found a staircase to the Ecumenical Temple.
  6732 | D:5      | 6732 ||| PLANNING TEMPLE
  6732 | D:5      | 6732 ||| READING 3 scrolls of identify.
  6732 | D:5      | 6732 ||| IDENTIFYING emerald potion
  6733 | D:5      | 6733 ||| DROPPING potion of ambrosia.
  6742 | Temple   | Entered the Ecumenical Temple
  6869 | Temple   | 6869 ||| PLANNING D:1-11
  7212 | D:5      | 7212 ||| Stepping ~*~*~tactically~*~*~ (hiding).
  7365 | D:5      | 7365 ||| Stepping ~*~*~tactically~*~*~ (stealth).
  7393 | D:5      | 7393 ||| Stepping ~*~*~tactically~*~*~ (stealth).
  7394 | D:5      | 7394 ||| Stepping ~*~*~tactically~*~*~ (stealth).
  7680 | D:5      | 7680 ||| DROPPING +0 flail.
  7740 | D:5      | 7740 ||| UPGRADING to ring of poison resistance.
  7742 | D:5      | 7742 ||| UPGRADING to ring of see invisible.
  8096 | D:6      | You are sucked into a shaft and drop 1 floor!
  8186 | D:7      | 8186 ||| Stepping ~*~*~tactically~*~*~ (stealth).
  8304 | D:7      | 8304 ||| DRINKING 2 clear potions.
  8305 | D:7      | 8305 ||| DROPPING potion of degeneration.
  8322 | D:7      | Reached skill level 10 in Axes
  8450 | D:6      | Found an iron altar of Okawaru.
  8452 | D:6      | 8452 ||| Stepping ~*~*~tactically~*~*~ (stealth).
  8538 | D:6      | 8538 ||| Stepping ~*~*~tactically~*~*~ (stealth).
  8540 | D:6      | 8540 ||| Stepping ~*~*~tactically~*~*~ (hiding).
  8550 | D:6      | HP: 12/48 [orc warrior/+0 mace (4)]
  8551 | D:6      | 8551 ||| DRINKING potion of heal wounds.
  8666 | D:6      | Became a worshipper of Warmaster Okawaru
  8746 | D:6      | Reached XP level 9. HP: 52/52 MP: 13/13
  8750 | D:6      | Found a basalt altar of Yredelemnul.
  8751 | D:6      | 8751 ||| Stepping randomly (stuck).
  9198 | D:7      | 9198 ||| Stepping ~*~*~tactically~*~*~ (hiding).
  9212 | D:7      | Reached * piety under Okawaru
  9213 | D:7      | 9213 ||| INVOKING Heroism.
  9213 | D:7      | Mangled by an ogre

Levels and vault maps discovered:
D:1:      spicycebolla_arrival_ecumenical, layout_loops_corners,
          corner_web_ring, kennysheep_nondescript
D:2:      layout_basic
D:3:      layout_loops_corners, uniq_robin
D:4:      layout_loops_ring, gup_sewer_entry_glass, lexackson_kobold_supper
D:5:      layout_rooms, minmay_temple_entry_antechambers, enter_ossuary_3,
          minivault_19
D:6:      layout_rooms, lemuel_zombie_altar_yredelemnul,
          okawaru_ov_weapons_minmay
D:7:      layout_rooms, gammafunk_temple_overflow_arena, minmay_mini_ossuary
Temple:   minmay_crystal_spiral_temple

Skill      XL: |  1  2  3  4  5  6  7  8  9 |
---------------+----------------------------+-----
Axes           | 3 4 5 6 7 8 10 | 10.9
Armour         | 2 3 5 |  5.4
Fighting       | 3 4 5 |  5.1
Throwing       | |  1.0
Dodging        | |  2.1
Spellcasting   | |  2.0
Translocations | |  2.4

Action                   |  1- 3 |  4- 6 |  7- 9 || total
-------------------------+-------+-------+-------++-------
Melee: Hand axe          |    54 |       |       ||    54
       Peck              |     6 |    12 |    49 ||    67
       Kick              |     9 |    16 |    61 ||    86
       War axe           |     4 |   109 |   211 ||   324
       Punch             |       |     1 |     1 ||     2
Throw: Boomerang         |    40 |    53 |    68 ||   161
Invok: Heroism           |       |       |     1 ||     1
  Use: Scroll            |     3 |     9 |     7 ||    19
       Potion            |       |     2 |     2 ||     4
Armor: Leather armour    |     6 |       |       ||     6
       Plate armour      |       |    70 |   117 ||   187
Dodge: Dodged            |    30 |    15 |    49 ||    94

Table legend:
 A = Non-vault XP
 B = Vault XP
 C = Vault XP percentage of total XP
 D = Non-vault monster count
 E = Vault monster count
 F = Vault count percentage of total count
                 A         B        C        D         E       F
            +---------+---------+-------+---------+---------+-------
      Total |    2501 |     498 |  16.6 |      98 |      45 |  31.5
            +---------+---------+-------+---------+---------+-------
        D:1 |      41 |       0 |   0.0 |      20 |       0 |   0.0
        D:2 |      48 |       0 |   0.0 |      15 |       0 |   0.0
        D:3 |      16 |      30 |  65.2 |       9 |       9 |  50.0
        D:4 |     320 |     136 |  29.8 |      15 |      11 |  42.3
        D:5 |     708 |       2 |   0.3 |      16 |       2 |  11.1
        D:6 |     469 |      60 |  11.3 |      12 |       2 |  14.3
        D:7 |     899 |       0 |   0.0 |      11 |       0 |   0.0
    Ossuary |       0 |     270 | 100.0 |       0 |      21 | 100.0
            +---------+---------+-------+---------+---------+-------
